% Time on Ice - VICTORIA GLADIATORS
Lines # - Real PCT - Wanted PCT - Time Play
Normal Forward
1 - 35% - 36% - 15:59
2 - 31% - 31% - 14:09
3 - 23% - 23% - 10:19
4 - 11% - 10% - 4:58
Normal Defense
1 - 37% - 36% - 17:01
2 - 29% - 31% - 13:05
3 - 30% - 23% - 13:41
4 - 4% - 10% - 1:38
PP Forward
1 - 48% - 52% - 1:54
2 - 52% - 48% - 2:04
PP Defense
1 - 72% - 52% - 2:52
2 - 28% - 48% - 1:06
PK Forward
1 - 51% - 52% - 5:26
2 - 49% - 48% - 5:11
PK Defense
1 - 39% - 52% - 4:06
2 - 61% - 48% - 6:31
PK3 Forward
1 - 0% - 52%
2 - 0% - 48%
PK3 Defense
1 - 0% - 52%
2 - 0% - 48%
44 Forward
1 - 0% - 52%
2 - 0% - 48%
44 Defense
1 - 0% - 52%
2 - 0% - 48%
Last Minute Offensive  - 0:00
Last Minute Defensive  - 0:00
Total
Forward - 60:00
Defense - 60:00
% Time on Ice - SASKATOON DUCKS
Lines # - Real PCT - Wanted PCT - Time Play
Normal Forward
1 - 33% - 35% - 15:10
2 - 30% - 32% - 13:44
3 - 22% - 23% - 10:00
4 - 14% - 10% - 6:31
Normal Defense
1 - 42% - 40% - 18:59
2 - 33% - 31% - 14:48
3 - 24% - 21% - 10:50
4 - 2% - 8% - 0:48
PP Forward
1 - 56% - 55% - 5:56
2 - 44% - 45% - 4:41
PP Defense
1 - 48% - 55% - 5:03
2 - 52% - 45% - 5:34
PK Forward
1 - 62% - 55% - 2:28
2 - 38% - 45% - 1:30
PK Defense
1 - 78% - 55% - 3:05
2 - 22% - 45% - 0:53
PK3 Forward
1 - 0% - 55%
2 - 0% - 45%
PK3 Defense
1 - 0% - 55%
2 - 0% - 45%
44 Forward
1 - 0% - 55%
2 - 0% - 45%
44 Defense
1 - 0% - 55%
2 - 0% - 45%
Last Minute Offensive  - 0:00
Last Minute Defensive  - 0:00
Total
Forward - 60:00
Defense - 60:00
Play-by-Play 1st period 0:01 of 1st period - Carl Soderberg wins face-off versus Dylan Strome in neutral zone. 1:07 of 1st period - Icing by Zack Smith. 1:08 of 1st period - Ondrej Palat wins face-off versus Frans Nielsen in VICTORIA GLADIATORS zone. 1:16 of 1st period - Icing by Zach Trotman. 1:17 of 1st period - Frans Nielsen wins face-off versus Cody Eakin in VICTORIA GLADIATORS zone. 1:58 of 1st period - Shot by Vladislav Namestnikov. 1:58 of 1st period - Stopped by Ukko-Pekka Luukkonen with a rebound. 2:10 of 1st period - Shot by Joe Thornton. 2:10 of 1st period - Shot Misses the Net. 2:12 of 1st period - Shot by Jake McCabe. 2:12 of 1st period - Shot Misses the Net. 2:34 of 1st period - Shot by Joe Thornton. 2:34 of 1st period - Shot Misses the Net. 2:36 of 1st period - Shot by Jake McCabe. 2:36 of 1st period - Shot Blocked by Frans Nielsen. 2:45 of 1st period - Icing by Zack Smith. 2:46 of 1st period - Frans Nielsen wins face-off versus Martin Hanzal in VICTORIA GLADIATORS zone. 3:19 of 1st period - Shot by Anthony Duclair. 3:19 of 1st period - Stopped by Ukko-Pekka Luukkonen with a rebound. 3:21 of 1st period - Shot by Nate Schmidt. 3:21 of 1st period - Shot Blocked by Ryan Stanton. 3:23 of 1st period - Shot by Anthony Duclair. 3:23 of 1st period - Shot Misses the Net. 3:25 of 1st period - Shot by Ryan McDonagh. 3:25 of 1st period - Shot Blocked by Ryan Stanton. 3:40 of 1st period - Icing by Nick Foligno. 3:41 of 1st period - Joe Thornton wins face-off versus Lars Eller in VICTORIA GLADIATORS zone. 4:38 of 1st period - Shot by Dylan Strome. 4:38 of 1st period - Stopped by Ukko-Pekka Luukkonen with a rebound. 4:42 of 1st period - Shot by Dylan Strome. 4:42 of 1st period - Shot Misses the Net. 4:46 of 1st period - Shot by Andreas Athanasiou. 4:46 of 1st period - Stopped by Ukko-Pekka Luukkonen without a rebound. 4:47 of 1st period - Jason Spezza wins face-off versus Cody Eakin in VICTORIA GLADIATORS zone. 4:49 of 1st period - Torey Krug is hit by Vladislav Namestnikov and loses puck. 5:32 of 1st period - Carl Soderberg is hit by Vladislav Namestnikov and loses puck. 5:43 of 1st period - Mikkel Boedker is hit by Dylan Strome. 6:07 of 1st period - Shot by Jakub Vrana. 6:07 of 1st period - Shot Misses the Net. 6:09 of 1st period - Shot by Dylan Strome. 6:09 of 1st period - Stopped by Ukko-Pekka Luukkonen without a rebound. 6:10 of 1st period - Joe Thornton wins face-off versus Lars Eller in VICTORIA GLADIATORS zone. 7:01 of 1st period - Shot by Marcus Foligno. 7:01 of 1st period - Shot Blocked by Jake McCabe. 7:30 of 1st period - Ryan Stanton is hit by Jakub Vrana and loses puck. 7:36 of 1st period - Icing by Marcus Foligno. 7:37 of 1st period - Cody Eakin wins face-off versus Jason Spezza in VICTORIA GLADIATORS zone. 8:02 of 1st period - Shot by Cody Eakin. 8:02 of 1st period - Shot Misses the Net. 8:04 of 1st period - Shot by Travis Dermott. 8:04 of 1st period - Goal by Travis Dermott - VICTORIA GLADIATORS : 0 - SASKATOON DUCKS : 1. 8:05 of 1st period - Dylan Strome wins face-off versus Carl Soderberg in neutral zone. 8:34 of 1st period - Shot by Jakub Vrana. 8:34 of 1st period - Shot Misses the Net. 8:36 of 1st period - Shot by Ryan McDonagh. 8:36 of 1st period - Stopped by Ukko-Pekka Luukkonen without a rebound. 8:37 of 1st period - Frans Nielsen wins face-off versus Martin Hanzal in VICTORIA GLADIATORS zone. 10:00 of 1st period - Minor Penalty to Dion Phaneuf for Elbowing. 10:01 of 1st period - Dylan Strome wins face-off versus Marcus Foligno in VICTORIA GLADIATORS zone. 12:00 of 1st period - Shot by Andreas Athanasiou. 12:00 of 1st period - Shot Misses the Net. 12:09 of 1st period - Shot by Mikkel Boedker. 12:09 of 1st period - Stopped by Cameron Talbot with a rebound. 12:11 of 1st period - Shot by Alex Iafallo. 12:11 of 1st period - Shot Misses the Net. 12:14 of 1st period - Minor Penalty to Derek Forbort for Interference. 12:15 of 1st period - Joe Thornton wins face-off versus Carl Soderberg in SASKATOON DUCKS zone. 12:54 of 1st period - Devon Toews is hit by Patrick Maroon. 13:19 of 1st period - Torey Krug is hit by Anthony Duclair and loses puck. 14:38 of 1st period - Shot by Andreas Athanasiou. 14:38 of 1st period - Stopped by Ukko-Pekka Luukkonen without a rebound. 14:39 of 1st period - Zack Smith wins face-off versus Cody Eakin in VICTORIA GLADIATORS zone. 14:39 of 1st period - Zack Smith is hit by Ryan Strome. 14:45 of 1st period - Frans Nielsen is hit by Vladislav Namestnikov and loses puck. 14:52 of 1st period - Shot by Ryan Strome. 14:52 of 1st period - Stopped by Ukko-Pekka Luukkonen without a rebound. 14:53 of 1st period - Jason Spezza wins face-off versus Dylan Strome in VICTORIA GLADIATORS zone. 15:06 of 1st period - Shot by Riley Sheahan. 15:06 of 1st period - Stopped by Cameron Talbot without a rebound. 15:07 of 1st period - Joe Thornton wins face-off versus Carl Soderberg in SASKATOON DUCKS zone. 15:14 of 1st period - Shot by Ryan McDonagh. 15:14 of 1st period - Shot Blocked by Torey Krug. 15:16 of 1st period - Shot by Nate Schmidt. 15:16 of 1st period - Shot Blocked by Torey Krug. 15:18 of 1st period - Shot by Ondrej Palat. 15:18 of 1st period - Deflect By Bryan Rust. 15:18 of 1st period - Shot Misses the Net. 15:20 of 1st period - Shot by Bryan Rust. 15:20 of 1st period - Shot Misses the Net. 15:46 of 1st period - Shot by Joe Thornton. 15:46 of 1st period - Shot Misses the Net. 15:59 of 1st period - Minor Penalty to Colin Wilson for Tripping. 16:00 of 1st period - Patrick Maroon wins face-off versus Dylan Strome in VICTORIA GLADIATORS zone. 16:08 of 1st period - Icing by Travis Dermott. 16:09 of 1st period - Lars Eller wins face-off versus Jakub Vrana in SASKATOON DUCKS zone. 16:45 of 1st period - Shot by Dylan Strome. 16:45 of 1st period - Stopped by Ukko-Pekka Luukkonen without a rebound. 16:46 of 1st period - Frans Nielsen wins face-off versus Ondrej Palat in VICTORIA GLADIATORS zone. 16:46 of 1st period - Frans Nielsen is hit by Ondrej Palat. 17:02 of 1st period - Shot by Joe Thornton. 17:02 of 1st period - Stopped by Ukko-Pekka Luukkonen without a rebound. 17:03 of 1st period - Frans Nielsen wins face-off versus Joe Thornton in VICTORIA GLADIATORS zone. 17:03 of 1st period - Frans Nielsen is hit by Ondrej Palat. 17:32 of 1st period - Icing by Nate Schmidt. 17:33 of 1st period - Lars Eller wins face-off versus Joe Thornton in SASKATOON DUCKS zone. 17:33 of 1st period - Lars Eller is hit by Nate Schmidt. 18:10 of 1st period - Icing by Lars Eller. 18:11 of 1st period - Lars Eller wins face-off versus Martin Hanzal in VICTORIA GLADIATORS zone. 18:46 of 1st period - Shot by Anthony Duclair. 18:46 of 1st period - Shot Misses the Net. Goals for this period are 0 for VICTORIA GLADIATORS vs 1 for SASKATOON DUCKS. Shots for this period are 2 for VICTORIA GLADIATORS vs 11 for SASKATOON DUCKS. 2nd period 0:01 of 2nd period - Cody Eakin wins face-off versus Carl Soderberg in neutral zone. 0:06 of 2nd period - Carl Soderberg is hit by Ryan Strome and loses puck. 0:50 of 2nd period - Minor Penalty to Ondrej Palat for Hooking. 0:51 of 2nd period - Lars Eller wins face-off versus Joe Thornton in SASKATOON DUCKS zone. 0:52 of 2nd period - Shot by Torey Krug. 0:52 of 2nd period - Stopped by Cameron Talbot with a rebound. 1:51 of 2nd period - Shot by Mikkel Boedker. 1:51 of 2nd period - Shot Blocked by Devon Toews. 1:53 of 2nd period - Shot by Carl Soderberg. 1:53 of 2nd period - Shot Misses the Net. 1:55 of 2nd period - Shot by Carl Soderberg. 1:55 of 2nd period - Stopped by Cameron Talbot without a rebound. 1:56 of 2nd period - Carl Soderberg wins face-off versus Joe Thornton in SASKATOON DUCKS zone. 4:17 of 2nd period - Shot by Ryan Strome. 4:17 of 2nd period - Stopped by Ukko-Pekka Luukkonen without a rebound. 4:18 of 2nd period - Joe Thornton wins face-off versus Carl Soderberg in VICTORIA GLADIATORS zone. 4:24 of 2nd period - Off-side. 4:25 of 2nd period - Frans Nielsen wins face-off versus Joe Thornton in neutral zone. 4:35 of 2nd period - Icing by Travis Dermott. 4:36 of 2nd period - Carl Soderberg wins face-off versus Ondrej Palat in SASKATOON DUCKS zone. 4:41 of 2nd period - Shot by Carl Soderberg. 4:41 of 2nd period - Shot Misses the Net. 5:03 of 2nd period - Shot by Bryan Rust. 5:03 of 2nd per